 Dungeon Crawl Stone Soup version 0.21.1-1-g345015f (webtiles) character file.

2366 Kandryn the Cleaver (level 9, -5/78 HPs)
             Began as a Minotaur Fighter on June 20, 2018.
             Was a Priest of Okawaru.
             Slain by a death knight
             ... wielding a +1 battleaxe of chopping
              (21 damage)
             ... on level 6 of the Dungeon.
             The game lasted 00:30:05 (6956 turns).

Kandryn the Cleaver (Minotaur Fighter)              Turns: 6956, Time: 00:30:06

Health: -5/78      AC: 14    Str: 25    XL:     9   Next: 21%
Magic:  8/8        EV: 10    Int:  5    God:    Okawaru [***...]
Gold:   276        SH: 11    Dex:  9    Spells: 8/8 levels left

rFire    + . .     SeeInvis .   a - +1 war axe
rCold    . . .     Gourm    .   c - +0 shield
rNeg     . . .     Faith    +   r - +0 plate armour
rPois    .         Spirit   .   (helmet restricted)
rElec    .         Reflect  .   (no cloak)
rCorr    .         Harm     .   e - +0 pair of gloves
MR       .....                  (no boots)
Stlth    ..........             p - amulet of faith
HPRegen  0.23/turn              h - ring of protection from fire
MPRegen  0.11/turn              s - +4 ring of evasion

@: no status effects
A: retaliatory headbutt, horns 2
a: Heroism, Renounce Religion


You were on level 6 of the Dungeon.
You worshipped Okawaru.
Okawaru was most pleased with you.
You were not hungry.

You visited 1 branch of the dungeon, and saw 7 of its levels.

You collected 276 gold pieces.

Inventory:

Hand Weapons
 a - a +1 war axe (weapon)
 l - a cursed +0 falchion
 y - a +0 shortbow
Armour
 b - a +0 scale mail
 c - a +0 shield (worn)
 e - a +0 pair of gloves (worn)
 r - a +0 plate armour (worn)
 t - +0 steam dragon scales
 w - a +2 robe of fire resistance
Jewellery
 h - a ring of protection from fire (left hand)
 p - an amulet of faith (around neck)
 s - a +4 ring of evasion (right hand)
Scrolls
 g - 2 scrolls of teleportation
 n - 2 scrolls of remove curse
 o - a scroll of enchant weapon
Potions
 d - a potion of might
 i - 2 potions of heal wounds
 j - 3 potions of lignification {unknown}
 k - a potion of curing
 m - 3 potions of brilliance
 q - 2 potions of degeneration {unknown}
 u - a potion of flight {unknown}
Comestibles
 f - 7 rations


   Skills:
 + Level 6.9 Fighting
 + Level 9.7 Axes
 + Level 6.9 Armour
 + Level 2.8 Dodging
 - Level 0.7 Stealth
 + Level 7.8 Shields


You had 8 spell levels left.
You didn't know any spells.

Dungeon Overview and Level Annotations

Branches:
Dungeon (7/15)             Temple (0/1) D:6

Altars:
Cheibriados
Kikubaaqudgha
Okawaru
Xom


Innate Abilities, Weirdness & Mutations

You reflexively headbutt those who attack you in melee.
You have a pair of horns on your head.


Message History

There is an open door here.
The death knight calls down the wrath of Yredelemnul upon you.
Your body is wracked with pain!
* * * LOW HITPOINT WARNING * * *
You block the death knight's attack.
There is an open door, spattered with blood here.
Things that are here:
a dagger; a whip; a dagger The death knight invokes the aid of Yredelemnul against you.
Your body is wracked with pain!
* * * LOW HITPOINT WARNING * * *
You feel much better.
You hit the death knight but do no damage.
You headbutt the death knight, but do no damage.
The death knight is lightly wounded.
The death knight calls down the wrath of Yredelemnul upon you.
Your body is wracked with pain!
* * * LOW HITPOINT WARNING * * *
The death knight hits you with a battleaxe of chopping!!
You die...

##....# ####.####..##... #....##
#[...####..##### #....#
##...'.......... ####.#####
#...#.......... ...#.###.##
#...#.......... .#........#
#...#.......... .'........#
######..##..####### .#........#
#...##.(##..####...
##...###.######.@......#.....>...
##...###...#..##p......#.........
'.....#.......#........#.........
#....>'.......##..##.###...#.....
#########.##..##..###############
#..##.###.##..##.....[....#
#..#...........)..........#
#..'...........#.....((...#
##+##.###.##..##[.##(##(.##


You could see a death knight.

Vanquished Creatures
  A steam dragon (D:6)
  A hungry ghost (D:6)
  Duvessa (D:5)
  An ice beast (D:7)
  A black bear (D:6)
  An ogre (D:5)
  2 phantoms
  A centaur (D:6)
  2 big kobolds (D:7)
  2 bullfrogs
  A water moccasin skeleton (D:7)
  A scorpion (D:4)
  Dowan (D:5)
  2 howler monkeys
  5 crimson imps
  A hound (D:6)
  A jelly (D:5)
  An orc priest (D:6)
  5 orc wizards
  6 iguanas
  5 worker ants
  Natasha (D:2)
  A killer bee zombie (D:5)
  A howler monkey zombie (D:5)
  A worker ant zombie (D:6)
  2 gnolls (D:5)
  A howler monkey skeleton (D:6)
  A river rat (D:5)
  9 adders
  An ooze (D:1)
  3 worms
  An adder skeleton (D:6)
  2 dart slugs
  5 leopard geckos
  14 orcs
  6 giant cockroaches
  16 goblins
  9 hobgoblins
  2 jackals (D:4)
  7 kobolds
  4 quokkas
  2 ball pythons
  A ball python skeleton (D:5)
  8 bats
  6 frilled lizards
  A jackal zombie (D:6)
  7 rats
154 creatures vanquished.

Vanquished Creatures (others)
  A human (D:4)
  5 fungi (D:6)
6 creatures vanquished.

Grand Total: 160 creatures vanquished

Notes
Turn   | Place    | Note
-------+----------+-------------------------------------------
     0 | D:1      | Kandryn the Minotaur Fighter began the quest for the Orb.
     0 | D:1      | Reached XP level 1. HP: 19/19 MP: 0/0
    73 | D:1      | Reached XP level 2. HP: 27/27 MP: 1/1
   815 | D:2      | Reached XP level 3. HP: 34/34 MP: 2/2
  1299 | D:2      | Noticed Natasha
  1306 | D:2      | Killed Natasha
  1306 | D:2      | Reached skill level 3 in Axes
  1306 | D:2      | Reached XP level 4. HP: 22/41 MP: 3/3
  2296 | D:3      | Reached XP level 5. HP: 47/47 MP: 4/4
  2311 | D:3      | Reached skill level 4 in Axes
  2346 | D:3      | Found an iron altar of Okawaru.
  2346 | D:3      | Found a snail-covered altar of Cheibriados.
  2351 | D:3      | Found a shimmering altar of Xom.
  2378 | D:3      | Became a worshipper of Warmaster Okawaru
  2381 | D:3      | Found a faded altar of an unknown god.
  2383 | D:3      | Found a faded altar of an unknown god.
  3184 | D:4      | Reached skill level 1 in Dodging
  3214 | D:4      | Reached skill level 5 in Axes
  3214 | D:4      | Reached XP level 6. HP: 30/53 MP: 5/5
  3284 | D:4      | Reached skill level 5 in Shields
  3459 | D:4      | Found an ancient bone altar of Kikubaaqudgha.
  3539 | D:4      | Reached skill level 5 in Armour
  3768 | D:4      | Noticed a human
  3769 | D:4      | Killed a human
  3902 | D:5      | Entered Level 5 of the Dungeon
  3947 | D:5      | Reached * piety under Okawaru
  3947 | D:5      | Reached skill level 6 in Axes
  3947 | D:5      | Reached XP level 7. HP: 37/60 MP: 6/6
  4045 | D:5      | Reached skill level 5 in Fighting
  4530 | D:5      | Reached skill level 7 in Axes
  4707 | D:5      | Noticed Dowan
  4756 | D:5      | Killed Dowan
  4913 | D:5      | Reached ** piety under Okawaru
  4913 | D:5      | Reached XP level 8. HP: 69/69 MP: 7/7
  4914 | D:5      | Noticed Duvessa
  4923 | D:5      | Killed Duvessa
  5391 | D:6      | Found a staircase to the Ecumenical Temple.
  5401 | D:6      | Reached skill level 8 in Axes
  5601 | D:6      | Reached *** piety under Okawaru
  5671 | D:6      | Reached skill level 9 in Axes
  6445 | D:7      | Reached XP level 9. HP: 75/75 MP: 8/8
  6498 | D:7      | Reached **** piety under Okawaru
  6548 | D:7      | Noticed a deep elf mage
  6556 | D:7      | Noticed a death knight
  6956 | D:6      | Slain by a death knight

Skill      XL: |  1  2  3  4  5  6  7  8 |
---------------+-------------------------+-----
Fighting       | 4 5 6 |  6.9
Shields        | 4 5 7 |  7.8
Armour         | 4 5 6 |  6.9
Axes           | 3 5 6 7 9 |  9.7
Dodging        | 1 2 |  2.8
Stealth        | |  0.7

Action                   |  1- 3 |  4- 6 |  7- 9 || total
-------------------------+-------+-------+-------++-------
Melee: War axe           |    87 |   149 |   286 ||   522
       Headbutt          |    12 |    17 |    61 ||    90
  Use: Potion            |     4 |     1 |     3 ||     8
       Scroll            |     2 |     1 |     6 ||     9
  Eat: Chunk             |     1 |     5 |     9 ||    15
       Ration            |       |     1 |     1 ||     2
Armor: Scale mail        |    41 |    56 |    24 ||   121
       Plate armour      |       |       |    73 ||    73
Dodge: Dodged            |    22 |    46 |    72 ||   140
Block: Shield            |    46 |    87 |   130 ||   263
